 Seeded DCSS version 0.29.1-2-gbd0b4ee654 (webtiles) character file.

Game seed: 86594 (custom seed)

338 Ashen the Trooper (level 6, 0/66 HPs)
             Began as an Ogre Warper on Nov 22, 2022.
             Slain by a black bear (11 damage)
             ... on level 4 of the Dungeon.
             The game lasted 00:07:11 (4140 turns).

Ashen the Trooper (Ogre Warper)                     Turns: 4140, Time: 00:07:12

Health: 0/66       AC:  5    Str: 16    XL:     6   Next: 55%
Magic:  11/11      EV: 10    Int: 16    God:
Gold:   183        SH:  0    Dex: 14    Spells: 12/12 levels left

rFire   . . .      SeeInvis .   e - +1 mace (holy)
rCold   . . .      Faith    .   (no shield)
rNeg    . . .      Spirit   .   v - +0 troll leather armour
rPois   .          Reflect  .   (helmet restricted)
rElec   .          Harm     .   (no cloak)
rCorr   .          Rampage  .   (gloves unavailable)
Will    .....                   (boots unavailable)
Stlth   +.........              t - amulet of regeneration
HPRegen 1.81/turn               r - ring of wizardry
MPRegen 0.12/turn               k - +6 ring of dexterity

@: hasted, very quick
A: large, unfitting armour, tough skin 1
a: no special abilities


You were on level 4 of the Dungeon.
You visited 1 branch of the dungeon, and saw 4 of its levels.

You collected 183 gold pieces.

Inventory:

Hand Weapons
 e - a +1 mace of holy wrath (weapon)
Missiles
 d - 7 boomerangs of dispersal (quivered)
Armour
 v - a +0 troll leather armour (worn)
Jewellery
 k - a +6 ring of dexterity (right hand)
 r - a ring of wizardry (left hand)
 t - an amulet of regeneration (around neck)
Scrolls
 a - a scroll of magic mapping {unknown}
 c - 3 scrolls of blinking
 f - 5 scrolls of identify {unknown}
 h - a scroll of teleportation {unknown}
 i - a scroll of enchant weapon {unknown}
 n - a scroll of immolation {unknown}
 s - a scroll of fear {unknown}
Potions
 g - a potion of might {unknown}
 j - 2 potions of attraction
 m - a potion of brilliance
 o - 2 potions of mutation {unknown}
 p - a potion of ambrosia {unknown}
 q - a potion of curing {unknown}
 u - 2 potions of magic {unknown}


   Skills:
 * Level 5.1 Fighting
 * Level 3.3 Maces & Flails
 - Level 1.0 Throwing
 * Level 3.5 Dodging
 + Level 3.5 Spellcasting
 + Level 3.3 Translocations


You had 12 spell levels left.
You didn't know any spells.
Your spell library contained the following spells:

 Spells                   Type           Power      Damage    Failure   Level
 Blink                    Tloc           26%        N/A       3%          2
 Gell's Gravitas          Tloc           13%        N/A       7%          3
 Lesser Beckoning         Tloc           13%        N/A       7%          3
 Teleport Other           Tloc           13%        N/A       7%          3
 Manifold Assault         Tloc           13%        N/A       50%         5


Dungeon Overview and Level Annotations

Branches:
Dungeon (4/15)
 Temple: D:4-7

Altars:

Annotations:
D:2 Sigmund


Innate Abilities, Weirdness & Mutations

You are too large for most types of armour.
You have tough skin. (AC +1)


Message History

You sock the black bear!
The black bear is almost dead.
The black bear goes berserk!
You closely miss the black bear.
The black bear is severely wounded.
The black bear bites you! The black bear barely misses you.
The black bear claws you. The black bear closely misses you. x2
The black bear barely misses you.
You barely miss the black bear.
The black bear is severely wounded.
The black bear bites you but does no damage.
The black bear claws you. x2; The black bear bites you!
The black bear barely misses you. The black bear claws you.
You barely miss the black bear. Your punch misses the black bear.
The black bear is severely wounded.
The black bear bites you. The black bear claws you. x2
The black bear bites you!
* * * LOW HITPOINT WARNING * * *
The black bear closely misses you. The black bear claws you.
* * * LOW HITPOINT WARNING * * *
You feel yourself speed up. The black bear misses you.
The black bear claws you.
* * * LOW HITPOINT WARNING * * *
The black bear barely misses you.
You barely miss the black bear.
The black bear is severely wounded.
The black bear bites you but does no damage.
The black bear closely misses you. The black bear barely misses you. x2
The black bear claws you.
* * * LOW HITPOINT WARNING * * *
The black bear closely misses you.
You hit the black bear.
The black bear is almost dead.
The black bear barely misses you. The black bear completely misses you.
The black bear claws you.
* * * LOW HITPOINT WARNING * * *
You hit the black bear.
The black bear is almost dead.
The black bear bites you!
You die...

####+........ ≈...#
#.).... ≈...# #..h...
≈...# #...... ≈...#
#F.....
######≈≈≈≈###......
##....'#####.#......
##...h............>..
#...@................
#....................
#...............#####
#......)........#
#..<............#
##)............##
##.....#.....##
#############


You could see a black bear (berserk).

Vanquished Creatures
  A black bear (D:3)
  A bullfrog (D:4)
  An orc priest (D:4)
  Robin (D:1)
  An adder (D:3)
  3 gnolls
  3 worms (D:3)
  3 dart slugs
  An orc (D:3)
  7 ball pythons
  5 endoplasms
  4 giant cockroaches
  16 goblins
  13 hobgoblins
  2 quokkas
  4 bats (D:1)
  4 frilled lizards
  9 kobolds
  6 rats
85 creatures vanquished.

Notes
Turn   | Place    | Note
-------+----------+-------------------------------------------
     0 | D:1      | Ashen the Ogre Warper began the quest for the Orb.
     0 | D:1      | Reached XP level 1. HP: 22/22 MP: 3/3
   201 | D:1      | Reached skill level 3 in Fighting
   201 | D:1      | Reached XP level 2. HP: 7/31 MP: 3/5
   891 | D:1      | Reached XP level 3. HP: 32/37 MP: 6/6
  1427 | D:2      | Identified the +0 helmet of Gravity {Fly Str+4 Int-2}
  1427 | D:2      | Noticed Robin
  1688 | D:1      | Killed Robin
  1689 | D:1      | Reached XP level 4. HP: 20/48 MP: 8/8
  1960 | D:2      | Noticed Sigmund
  2611 | D:2      | Found a faded altar of an unknown god.
  2722 | D:2      | Reached skill level 4 in Fighting
  2980 | D:3      | HP: 2/48 [poisoned by an adder]
  2985 | D:3      | HP: 3/72 [kobold/+0 falchion (1)]
  3312 | D:2      | Reached XP level 5. HP: 42/54 MP: 9/9
  4006 | D:4      | Noticed a black bear
  4050 | D:3      | Killed a black bear
  4051 | D:3      | Reached XP level 6. HP: 29/65 MP: 9/11
  4102 | D:4      | Noticed a black bear
  4126 | D:4      | Reached skill level 5 in Fighting
  4140 | D:4      | Slain by a black bear

Illustrated notes

Levels and vault maps discovered:
D:1:      co_arrival_square_in_a_square_in_a_square, layout_basic
D:2:      layout_rooms, hellmonk_ecumenical_altar_leap_of_faith, uniq_robin,
          uniq_sigmund
D:3:      layout_rooms, interstate_on_off, minmay_misc_feat_alley,
          nicolae_wormholes
D:4:      layout_rooms, nicolae_dithmenos_through_a_glass_darkly,
          chequers_serial_rivers_room_a, dreamdust_gnoll_farm, uniq_ijyb

Skill      XL: |  1  2  3  4  5  6 |
---------------+-------------------+-----
Fighting       | 3 4 5 |  5.1
Maces & Flails | 2 3 |  3.3
Spellcasting   | 3 |  3.5
Translocations | 3 |  3.3
Dodging        | 3 |  3.5
Throwing       | |  1.0

Action                   |  1- 3 |  4- 6 || total
-------------------------+-------+-------++-------
Melee: Mace              |   137 |   177 ||   314
       Punch             |     1 |     2 ||     3
  Use: Potion            |       |     6 ||     6
 Stab: Invisible         |       |     1 ||     1
       Sleeping          |       |     1 ||     1
Armor: Robe              |    78 |    34 ||   112
       Skin              |       |     7 ||     7
       Troll leather arm |       |    43 ||    43
Dodge: Dodged            |   100 |   140 ||   240
